Map: Catalyst LE

Players

Exostriker - Winner!

  • Race: Protoss Protoss
  • League: Diamond
  • Spawn Location: 11:00

Maya

  • Race: Zerg Zerg
  • League: Master
  • Spawn Location: 5:00

VOD

Have the link to the VOD?

Description

Time

  • Played on: Jan. 1, 2018, 2:05 p.m.
  • Length: 13:30
Show
View Real Time Build Order
Export as new Build Order

Exostriker Protoss - Winner!

Build Orders: 1 Gate Expand, Oracle Opening, Zealot Archon 

Get SALT Encoding   

  12  0:00  Probe  
  13  0:13  Probe  
  14  0:20  Pylon  
  14  0:25  Probe  
  15  0:39  Probe  
  15  0:40  Gateway  
  16  0:51  Probe  
  17  0:58  Assimilator  
  17  1:03  Probe  
  18  1:15  Probe (Chrono Boost)  
  20  1:26  Probe (Chrono Boost)  
  20  1:31  Nexus  
  20  1:38  Cybernetics Core  
  20  1:42  Probe  
  21  1:50  Assimilator  
  21  1:57  Pylon, Probe  
  22  2:09  Probe  
  22  2:13  Adept (Chrono Boost)  
  25  2:15  Warp Gate  
  25  2:21  Probe  
  26  2:30  Stargate  
  26  2:33  Probe  
  26  2:36  Adept (Chrono Boost)  
  27  2:43  Probe  
  30  2:45  Probe  
  31  2:55  Probe  
  31  2:58  Probe  
  33  3:00  Adept  
  35  3:08  Probe  
  35  3:10  Probe  
  35  3:11  Oracle (Chrono Boost)  
  40  3:20  Assimilator, Probe  
  40  3:22  Probe  
  42  3:32  Probe  
  44  3:34  Probe  
  44  3:41  Oracle (Chrono Boost)  
  44  3:44  Probe  
  44  3:47  Pylon  
  46  3:53  Gateway  
  46  4:05  Robotics Facility, Probe x2  
  48  4:17  Phoenix (Chrono Boost), Probe x2  
  52  4:25  Assimilator  
  52  4:29  Probe x2  
  54  4:37  Nexus  
  54  4:38  Pylon  
  54  4:40  Pylon  
  54  4:51  Pylon  
  54  4:55  Immortal (Chrono Boost)  
  54  4:56  Probe x2  
  60  5:02  Twilight Council  
  60  5:04  Gateway  
  60  5:07  Adept  
  60  5:08  Adept, Probe  
  65  5:16  Probe  
  65  5:20  Probe  
  67  5:24  Immortal (Chrono Boost)  
  67  5:28  Probe  
  72  5:33  Charge (Chrono Boost)  
  72  5:36  Probe  
  72  5:40  Probe  
  74  5:44  Gateway x2  
  74  5:48  Probe  
  76  5:50  Probe  
  76  5:52  Probe  
  76  5:56  Templar Archives  
  78  5:57  Observer (Chrono Boost)  
  78  6:00  Probe  
  78  6:02  Probe  
  80  6:04  Probe  
  80  6:08  Pylon  
  80  6:10  Immortal (Chrono Boost)  
  81  6:12  Probe  
  81  6:14  Probe  
  81  6:16  Probe  
  88  6:23  Assimilator  
  88  6:24  Probe  
  89  6:26  Probe  
  89  6:28  Assimilator, Pylon, Probe  
  89  6:32  Forge, Pylon  
  91  6:38  Psionic Storm  
  91  6:45  Probe x2  
  93  6:52  Immortal  
  93  6:53  High Templar x3  
  103  6:57  Archon  
  103  6:58  High Templar  
  103  6:59  Zealot  
  103  7:00  Probe x2  
  109  7:10  Probe  
  109  7:11  Protoss Ground Weapons Level 1 (Chrono Boost)  
  109  7:12  Probe  
  111  7:17  Pylon  
  111  7:18  Nexus  
  111  7:20  Pylon  
  111  7:21  Pylon x2  
  110  7:30  Zealot x2  
  110  7:31  Zealot  
  110  7:35  Immortal  
  120  7:37  Pylon  
  120  7:39  Forge  
  120  7:41  Probe x2  
  120  7:42  Probe  
  123  7:53  Probe x2  
  123  7:54  Probe  
  126  8:01  Zealot x4  
  126  8:02  Zealot  
  136  8:06  Immortal (Chrono Boost)  
  136  8:07  Robotics Facility  
  136  8:09  Blink (Chrono Boost)  
  140  8:20  Probe x3  
  140  8:21  Protoss Ground Armor Level 1 (Chrono Boost)  
  143  8:27  High Templar x2  
  143  8:28  High Templar, Zealot x2  
  143  8:30  Pylon  
  143  8:32  Pylon  
  153  8:35  Gateway  
  153  8:36  Gateway  
  153  8:38  Gateway  
  153  8:44  Observer (Chrono Boost)  
  154  8:50  Protoss Ground Weapons Level 2 (Chrono Boost)  
  154  8:53  Zealot x2  
  158  8:57  Assimilator, Observer  
  158  8:58  Observer  
  158  9:01  High Templar, Assimilator  
  158  9:02  High Templar, Zealot  
  164  9:19  Observer (Chrono Boost)  
  164  9:20  Probe x2  
  164  9:22  Probe  
  168  9:28  Robotics Bay  
  168  9:31  Immortal (Chrono Boost)  
  168  9:34  Probe  
  168  9:37  Immortal (Chrono Boost)  
  177  9:45  Zealot  
  177  9:46  Zealot x3  
  177  9:49  Nexus  
  177  9:51  Pylon  
  177  9:52  Pylon  
  157  10:02  Immortal (Chrono Boost)  
  157  10:06  Nexus  
  157  10:09  Pylon  
  157  10:21  Zealot x5  
  149  10:22  Zealot x3  
  149  10:25  Probe x3  
  155  10:29  Protoss Ground Armor Level 2 (Chrono Boost)  
  155  10:33  Colossus (Chrono Boost)  
  151  10:37  Probe x3  
  160  10:44  High Templar x5  
  160  10:49  Archon x2, Probe x3  
  173  10:50  High Templar, Zealot, Warp Prism (Chrono Boost)  
  173  10:56  Archon  
  179  10:59  Zealot  
  162  11:22  Zealot x3  
  162  11:23  Zealot x5  
  144  11:38  Colossus x2 (Chrono Boost)  
  138  11:44  Zealot x3  
  138  11:45  Zealot x3  
  157  11:47  Probe  
  157  11:48  Probe  
  157  11:58  Assimilator  
  157  11:59  High Templar x2  
  161  12:02  Assimilator  
  161  12:07  Zealot x2  
  165  12:19  Stalker x3  
  165  12:20  Stalker  
  168  12:35  Zealot x4  
  166  12:58  High Templar x2, Zealot  
  166  12:59  Zealot x5  
  138  13:20  Archon  
  138  13:24  Zealot x4  
  138  13:25  Zealot x2  
Show
View Real Time Build Order
Export as new Build Order

Maya Zerg 

Build Orders: Hatch First 

Get SALT Encoding   

  12  0:01  Drone  
  13  0:12  Overlord  
  13  0:17  Drone  
  14  0:31  Drone x2  
  14  0:35  Drone  
  17  0:55  Drone  
  18  1:03  Drone, Extractor  
  18  1:07  Hatchery  
  17  1:16  Spawning Pool  
  16  1:20  Drone  
  16  1:21  Drone  
  18  1:28  Drone  
  19  1:43  Drone  
  20  1:50  Hatchery  
  20  1:53  Drone  
  20  2:02  Drone  
  21  2:16  Metabolic Boost  
  21  2:18  Queen  
  21  2:20  Zergling x4  
  25  2:26  Overlord  
  25  2:29  Drone  
  26  2:33  Drone  
  27  2:40  Drone  
  28  2:45  Drone  
  29  2:51  Drone  
  29  2:55  Drone  
  31  3:03  Zergling x2  
  31  3:05  Queen  
  32  3:06  Drone  
  32  3:07  Drone  
  36  3:14  Drone x2, Evolution Chamber  
  36  3:17  Drone  
  38  3:27  Zergling x2  
  38  3:29  Drone x2  
  38  3:32  Spore Crawler  
  40  3:37  Drone x2  
  42  3:42  Overlord x3  
  42  3:45  Zerg Melee Weapons Level 1  
  41  3:52  Queen, Spore Crawler  
  42  3:57  Drone, Spore Crawler  
  42  4:01  Overlord  
  42  4:02  Queen  
  42  4:04  Drone x3  
  42  4:07  Drone x2  
  44  4:17  Drone  
  44  4:18  Drone x3  
  44  4:23  Drone x2  
  44  4:24  Drone  
  51  4:26  Drone  
  51  4:31  Queen  
  54  4:35  Queen  
  56  4:38  Drone  
  56  4:41  Drone x2  
  59  4:46  Drone x3  
  59  4:51  Drone x3  
  65  4:54  Queen  
  65  4:58  Drone x2  
  69  5:00  Overlord  
  68  5:09  Lair  
  68  5:12  Overlord x2  
  68  5:17  Baneling Nest  
  67  5:22  Drone  
  68  5:30  Drone x8  
  68  5:34  Hatchery  
  73  5:35  Drone  
  73  5:36  Drone x2  
  73  5:39  Drone, Extractor  
  73  5:40  Drone x2  
  78  5:43  Drone  
  78  5:44  Drone  
  78  5:48  Drone  
  81  5:52  Overlord x3, Drone, Extractor  
  81  5:59  Zergling x2  
  81  6:00  Zergling x2  
  81  6:02  Drone  
  84  6:05  Extractor  
  84  6:08  Drone  
  84  6:09  Extractor  
  83  6:15  Zergling x4  
  85  6:19  Overseer  
  85  6:25  Drone  
  85  6:26  Hydralisk Den, Drone x5  
  85  6:28  Overlord x2, Drone  
  85  6:31  Centrifical Hooks  
  85  6:32  Hatchery  
  90  6:43  Zerg Melee Weapons Level 2  
  90  6:45  Drone x8  
  98  6:48  Drone  
  98  6:49  Drone x3  
  102  6:58  Hydralisk x3  
  108  7:02  Overlord x4  
  108  7:07  Overseer  
  108  7:09  Hydralisk x2  
  112  7:16  Hydralisk x2  
  112  7:18  Hydralisk  
  118  7:24  Hydralisk  
  118  7:27  Drone x10  
  130  7:30  Extractor  
  130  7:32  Extractor  
  130  7:33  Overlord x2  
  128  7:38  Extractor  
  128  7:43  Muscular Augments  
  127  7:44  Pneumatized Carapace  
  127  7:45  Hatchery  
  127  7:49  Evolution Chamber  
  120  7:53  Drone x2  
  120  7:54  Drone x3, Hydralisk  
  120  7:55  Hydralisk x2  
  120  7:57  Hatchery  
  124  8:08  Hydralisk x4  
  124  8:10  Hydralisk  
  134  8:14  Drone x2  
  134  8:15  Drone x5  
  134  8:16  Spore Crawler  
  134  8:17  Zerg Missile Weapons Level 1  
  140  8:26  Hydralisk x3  
  144  8:28  Zergling x16  
  144  8:34  Hydralisk x3  
  160  8:47  Hydralisk x4  
  168  8:50  Baneling x3  
  168  8:58  Hydralisk x3  
  168  8:59  Hydralisk  
  176  9:07  Hydralisk  
  178  9:10  Zergling x14  
  178  9:11  Overlord x3  
  178  9:12  Overlord x3  
  178  9:16  Hydralisk  
  178  9:17  Hydralisk x2  
  178  9:19  Baneling x2  
  178  9:20  Baneling x7  
  178  9:21  Zergling x2  
  185  9:30  Overlord x3  
  185  9:31  Zergling x10  
  185  9:32  Zergling x2  
  185  9:35  Hydralisk x2  
  195  9:40  Hydralisk  
  195  9:41  Hydralisk  
  195  9:44  Baneling x5  
  195  9:45  Baneling x6  
  196  9:57  Zergling x16  
  197  10:07  Zergling x6  
  200  10:20  Zergling x24  
  200  10:23  Baneling x13  
  200  10:24  Baneling  
  200  10:25  Zerg Missile Weapons Level 2  
  200  10:26  Zerg Ground Armor Level 1  
  200  10:27  Infestation Pit  
  195  10:32  Spire  
  195  10:34  Spine Crawler  
  195  10:35  Baneling x6, Spine Crawler  
  182  10:36  Zergling x8  
  186  11:01  Zergling x20  
  195  11:18  Hydralisk x10  
  181  11:20  Zergling x18  
  181  11:26  Zergling x12  
  178  11:35  Zergling x14  
  178  11:37  Baneling x8  
  178  11:38  Baneling x2  
  143  11:50  Hive  
  143  11:52  Zergling x2, Hydralisk x3  
  143  11:53  Hydralisk  
  145  12:00  Hydralisk x3  
  153  12:02  Overseer, Hydralisk  
  155  12:11  Hydralisk x4  
  155  12:13  Zergling x2  
  155  12:14  Zergling x4  
  166  12:29  Hydralisk x6  
  165  12:30  Hydralisk x2  
  175  12:43  Hydralisk  
  175  12:44  Hydralisk x4  
  171  12:46  Baneling x4  
  171  12:47  Baneling x10  
  177  12:52  Drone x3  
  177  12:53  Hydralisk x3  
  177  12:54  Hydralisk  
  177  12:57  Hydralisk  
  184  13:07  Spore Crawler  
Tags
 
Add a new tag
Caveats
  • Supply blocks, unpowered buildings, or Contaminate may cause inaccurate times.
  • Supply counts are checked every 10 seconds.